 Dungeon Crawl Stone Soup version 0.19.1-1-g22dce08 (webtiles) character file.

48 kae the Skirmisher (level 3, -11/33 HPs)
             Began as a Hill Orc Fighter on Dec 30, 2016.
             Killed from afar by Sigmund (14 damage)
             ... with a puff of flame
             ... on level 2 of the Dungeon.
             The game lasted 00:00:47 (781 turns).

kae the Skirmisher (Hill Orc Fighter)                Turns: 781, Time: 00:00:47

Health: -11/33     AC:  8    Str: 19    XL:     3   Next: 72%
Magic:  3/3        EV:  7    Int:  8    God:
Gold:   70         SH:  9    Dex: 10    Spells: 0 memorised, 2 levels left

rFire  . . .     SeeInvis .     a - +0 war axe
rCold  . . .     Gourm    .     b - +0 scale mail
rNeg   . . .     Faith    .     c - +0 shield
rPois  .         Spirit   .     p - +0 helmet
rElec  .         Reflect  .     (no cloak)
rCorr  .         Harm     .     (no gloves)
MR     .....                    (no boots)
Stlth  ..........               (no amulet)
                                (no ring)
                                (no ring)

@: no status effects
A: no striking features
a: no special abilities


You were on level 2 of the Dungeon.
You were not hungry.

You visited 1 branch of the dungeon, and saw 2 of its levels.

You collected 70 gold pieces.

Inventory:

Hand Weapons
 a - a +0 war axe (weapon)
Armour
 b - a +0 scale mail (worn)
 c - a +0 shield (worn)
 p - a +0 helmet (worn)
Jewellery
 n - an uncursed ring of flight {unknown}
 s - an uncursed amulet of harm {unknown}
 u - an uncursed ring of ice {unknown}
Scrolls
 e - 2 scrolls of magic mapping {unknown}
 h - 2 scrolls of remove curse {unknown}
 j - a scroll of teleportation {unknown}
 k - a scroll of recharging {unknown}
 l - a scroll of noise {unknown}
 o - 2 scrolls of identify {unknown}
 r - a scroll of immolation {unknown}
 v - a scroll of amnesia {unknown}
 w - a scroll of blinking {unknown}
Potions
 d - a potion of might
 g - a potion of haste {unknown}
 i - 2 potions of berserk rage {unknown}
 m - a potion of mutation {unknown}
 q - a potion of curing {unknown}
 t - a potion of agility {unknown}
Comestibles
 f - a bread ration
 x - a meat ration


   Skills:
 + Level 4.3 Fighting
 * Level 4.0 Axes
 + Level 3.7 Armour
 - Level 3.2 Shields


You had 2 spell levels left.
You didn't know any spells.

Dungeon Overview and Level Annotations

Branches:
Dungeon (2/15)

Altars:

Annotations:
D:2 Sigmund


Message History

You are confused.
You're too confused to attack without stumbling around!
You're too confused to attack without stumbling around!
You're too confused to attack without stumbling around!
You're too confused to attack without stumbling around!
You're too confused to attack without stumbling around!
Something hits you.
You're too confused to move!
Something hits you but does no damage.
You hear some strange, mumbled words.
A magic dart appears from out of thin air!
The magic dart hits you!
* * * LOW HITPOINT WARNING * * *
You see here a stone.
You closely miss something.
You feel less confused.
You hear some strange, mumbled words.
A puff of flame appears from out of thin air!
The puff of flame hits you!
You die...

#.........#
.......##....%....#
#......##.........###.
#......##.........#...
#...................# .
#.................# ..
#..........†).†..# .....
..##............@{..# .....
....<..........(....##....
..<...†..................
..##.#.................#
..##.#.............#..##
.......###.........#...##
........####............###
.#.####.# ##......####...##
...##
#.#####......######..#


There were no monsters in sight!

Vanquished Creatures
  An adder (D:2)
  A dart slug (D:2)
  3 leopard geckos
  4 bats
  4 giant cockroaches
  A goblin (D:1)
  3 hobgoblins
  A jackal (D:1)
  A quokka (D:2)
  2 frilled lizards
  5 kobolds
  8 rats
34 creatures vanquished.

Notes
Turn   | Place    | Note
-------+----------+-------------------------------------------
     0 | D:1      | kae the Hill Orc Fighter began the quest for the Orb.
     0 | D:1      | Reached XP level 1. HP: 19/19 MP: 1/1
   134 | D:1      | Reached XP level 2. HP: 19/27 MP: 2/2
   614 | D:2      | Reached XP level 3. HP: 29/33 MP: 3/3
   760 | D:2      | Noticed Sigmund
   781 | D:2      | Killed from afar by Sigmund

Skill      XL: |  1  2  3 |
---------------+----------+-----
Axes           | 3 4 |  4.0
Fighting       | 4 |  4.3
Armour         | |  3.7
Shields        | |  3.2

Action                   || total
-------------------------++-------
Melee: War axe           ||   101
Armor: Scale mail        ||    64
Dodge: Dodged            ||    41
Block: Shield            ||    53
